 Dungeon Crawl Stone Soup version 0.28-a0-1159-g27aa881441 (webtiles) character file.

Game seed: 6225574083161632710

30 Zabiool the Skirmisher (level 3, -10/33 HPs)
             Began as a Hill Orc Fighter on Dec 15, 2021.
             Engulfed by a cloud of flame (13 damage)
             ... on level 1 of the Dungeon.
             The game lasted 00:03:37 (988 turns).

Zabiool the Skirmisher (Hill Orc Fighter)            Turns: 988, Time: 00:03:38

Health: -10/33     AC:  9    Str: 20    XL:     3   Next: 18%
Magic:  3/3        EV:  7    Int:  8    God:
Gold:   23         SH:  4    Dex: 10    Spells: 2/2 levels left

rFire   . . .      SeeInvis .   a - +0 war axe
rCold   . . .      Faith    .   c - +0 buckler
rNeg    . . .      Spirit   .   i - +0 chain mail
rPois   .          Reflect  .   (no helmet)
rElec   .          Harm     .   (no cloak)
rCorr   .          Rampage  .   (no gloves)
Will    .....                   (no boots)
Stlth   ..........              (no amulet)
HPRegen 0.11/turn               (no ring)
MPRegen 0.08/turn               (no ring)

@: no status effects
A: no striking features
a: no special abilities


You were on level 1 of the Dungeon.
You visited 1 branch of the dungeon, and saw 1 of its levels.

You collected 23 gold pieces.

Inventory:

Hand Weapons
 a - a +0 war axe (weapon)
Armour
 c - a +0 buckler (worn)
 i - a +0 chain mail (worn)
Scrolls
 b - a scroll of teleportation {unknown}
 j - a scroll of magic mapping {unknown}
Potions
 d - a potion of might
 e - a potion of curing {unknown}
 f - a potion of heal wounds {unknown}
 g - a potion of brilliance {unknown}
 h - a potion of flight {unknown}


   Skills:
 * Level 4.1 Fighting
 * Level 3.0 Axes
 * Level 3.6 Armour
 + Level 0.1 Dodging
 * Level 3.7 Shields


You had 2 spell levels left.
You didn't know any spells.
Your spell library was empty.

Dungeon Overview and Level Annotations

Branches:
Dungeon (1/15)

Altars:

Shops:
D:1 (!?


Message History

No target in view!
No target in view!
No target in view!
No target in view!
No target in view!
No target in view!
No target in view!
You now have 23 gold pieces (gained 13).
No target in view!
A goblin comes into view. It is wielding a +0 club.
The goblin shouts!
No reachable target in view!
A goblin is nearby!
Really walk into a travel-excluded area? [Y]es or [N]o only, please.
Really walk into a travel-excluded area?
Okay, then.
A goblin is nearby!
The goblin is engulfed in blazing flames.
The goblin dies!
You open the door.
There is an open door here.
You see here a +0 dagger.
j - a scroll labelled AGELUITWOSS You see here a +0 dagger.
There is an open door here.
Partly explored, can't reach some items and places.
Partly explored, can't reach some items and places.
Partly explored, can't reach some items and places.
Really walk into a travel-excluded area?
Uppercase [Y]es or [N]o only, please.
Really walk into a travel-excluded area?
Really walk into that cloud of flame?
You are engulfed in blazing flames.
You are engulfed in blazing flames.
Ouch! That really hurt!
* * * LOW HITPOINT WARNING * * *
You're standing in a cloud of flame!
You are engulfed in blazing flames.
You die...

####....# #.☼§# #.........
#....# #.☼§# #.........
##....# #..§# #.........
#.....#######...#####.......).
#........§§§.$$..§§...#.......
#.....#..)....$..☼☼§..#.......
#.....##......$..§.§.##.......
#.....# #####...##### #.......
#.....# #@§§# ######..
#.....### #§☼☼# #.. #.......#
#§☼○# #.. #######.#####...#
#.. #........## #.. ##########
###


There were no monsters in sight!

Vanquished Creatures
  2 dart slugs (D:1)
  2 ball pythons (D:1)
  3 endoplasms (D:1)
  3 goblins (D:1)
  2 hobgoblins (D:1)
  2 kobolds (D:1)
  A quokka (D:1)
  2 bats (D:1)
  3 frilled lizards (D:1)
  5 rats (D:1)
25 creatures vanquished.

Vanquished Creatures (others)
  A ball python (D:1)
  A goblin (D:1)
2 creatures vanquished.

Grand Total: 27 creatures vanquished

Notes
Turn   | Place    | Note
-------+----------+-------------------------------------------
     0 | D:1      | Zabiool the Hill Orc Fighter began the quest for the Orb.
     0 | D:1      | Reached XP level 1. HP: 19/19 MP: 1/1
   240 | D:1      | Reached XP level 2. HP: 27/27 MP: 2/2
   380 | D:1      | Reached skill level 4 in Fighting
   546 | D:1      | Found Xiutid's Distillery.
   636 | D:1      | Found Zirommuc's Magic Scroll Shop.
   688 | D:1      | Found Faor's Weapon Shoppe.
   698 | D:1      | Reached XP level 3. HP: 28/33 MP: 3/3
   988 | D:1      | Engulfed by a cloud of flame

Illustrated notes

Levels and vault maps discovered:
D:1:      matt_arrival_diagonals, layout_basic, serial_shops,
          nicolae_shop_trees, nicolae_shop_stone, shop, lemuel_flame_loot_1

Skill      XL: |  1  2  3 |
---------------+----------+-----
Fighting       | 4 |  4.1
Axes           | 3 |  3.0
Armour         | |  3.6
Dodging        | |  0.1
Shields        | |  3.7

Action                   || total
-------------------------++-------
Melee: War axe           ||    59
Armor: Scale mail        ||    18
       Chain mail        ||    14
Dodge: Dodged            ||    20
Block: Buckler           ||    15

Table legend: (Time is in decaauts)
 A = Elapsed time spent in this place.
 B = Non-inter-level travel time spent in this place.
 C = Inter-level travel time spent in this place.
 D = Time resting spent in this place.
 E = Time spent auto-exploring this place.
 F = Levels seen in this place.
 G = Mean time per level.
                   A        B        C        D        E       F      G
               +--------+--------+--------+--------+--------+-----+--------+
         Total |   1010 |    992 |     18 |      0 |    812 |   1 | 1010.0 |
       Dungeon |   1010 |    992 |     18 |      0 |    812 |   1 | 1010.0 |
               +--------+--------+--------+--------+--------+-----+--------+

Top non-repeatable levels by time:
     D:1: 1010 daAuts
